 Dungeon Crawl Stone Soup version 0.29-a0-490-g77b3608bb8 (webtiles) character file.

Game seed: 4633873047122267898

4960 jlumianski the Cleaver (level 10, -10/76 HPs)
             Began as a Demonspawn Fighter on May 26, 2022.
             Was a Follower of Qazlal.
             Mangled by a two-headed ogre
             ... wielding a +0 halberd
              (18 damage)
             ... in a bailey.
             The game lasted 00:35:03 (8351 turns).

jlumianski the Cleaver (Demonspawn Fighter)         Turns: 8351, Time: 00:35:04

Health: -10/76     AC: 15    Str: 21    XL:     10   Next: 28%
Magic:  10/10      EV: 11    Int:  9    God:    Qazlal [*.....]
Gold:   592        SH: 16    Dex: 19    Spells: 9/9 levels left

rFire   . . .      SeeInvis .   a - +2 war axe (freeze)
rCold   . . .      Faith    .   c - +0 buckler
rNeg    . . .      Spirit   .   b - +0 scale mail
rPois   .          Reflect  .   (no helmet)
rElec   .          Harm     .   x - +0 cloak
rCorr   .          Rampage  .   (no gloves)
Will    .....                   g - +1 pair of boots
Stlth   +.........              (no amulet)
HPRegen 0.22/turn               n - +4 ring of protection
MPRegen 0.12/turn               v - +6 ring of dexterity

@: no status effects
A: claws 2, large bone plates 1, condensation shield
a: Renounce Religion


You were in a bailey.
You worshipped Qazlal.
Qazlal was aware of your devotion.
You visited 2 branches of the dungeon, and saw 10 of its levels.
You also visited: Bailey.

You collected 592 gold pieces.

Inventory:

Hand Weapons
 a - a +2 war axe of freezing (weapon)
 k - a +4 glaive
 o - a +2 dagger of flaming
 w - a +3 whip
 F - a +1 whip of electrocution
 H - a +0 short sword
Missiles
 h - 6 throwing nets
 l - 283 stones
 m - 2 javelins (quivered)
 z - a curare-tipped dart
 B - 5 boomerangs
 K - 9 poisoned darts
 P - 4 atropa-tipped darts
Armour
 b - a +0 scale mail (worn)
 c - a +0 buckler (worn)
 g - a +1 pair of boots (worn)
 x - a +0 cloak (worn)
 D - a +0 pair of gloves
 I - a +0 plate armour
 J - +0 swamp dragon scales
 L - a +2 chain mail of fire resistance
Magical Staves
 f - a staff of death
 r - a staff of earth
Jewellery
 n - a +4 ring of protection (left claw)
 q - a ring of ice
 v - a +6 ring of dexterity (right claw)
 y - a ring of ice
Wands
 t - a wand of flame (55)
 C - a wand of charming (3)
 M - a wand of iceblast (5)
 Q - a wand of digging (4)
Scrolls
 j - 9 scrolls of teleportation
 u - a scroll of amnesia
 N - a scroll of fog
 O - a scroll of vulnerability {unknown}
 R - a scroll of noise {unknown}
 S - a scroll of poison
 T - a scroll of summoning {unknown}
Potions
 d - 3 potions of might
 e - a potion of curing
 i - a potion of attraction
 p - a potion of mutation
 s - 2 potions of ambrosia
 A - a potion of heal wounds
 E - 2 potions of haste
 G - a potion of resistance


   Skills:
 + Level 6.3 Fighting
 + Level 8.6 Axes
 + Level 2.3 Throwing
 + Level 6.2 Armour
 + Level 3.5 Dodging
 - Level 0.9 Stealth
 + Level 7.2 Shields
 + Level 0.1 Evocations


You had 9 spell levels left.
You didn't know any spells.
Your spell library contained the following spells:

 Spells                   Type           Power      Damage    Failure   Level
 Magic Dart               Conj           0%         1d3       78%         1
 Shock                    Conj/Air       0%         1d3       78%         1
 Call Imp                 Summ           0%         N/A       89%         2
 Mephitic Cloud           Conj/Pois/Air  0%         N/A       98%         3
 Swiftness                Air            0%         N/A       98%         3
 Airstrike                Air            0%         N/A       100%        4


Dungeon Overview and Level Annotations

Branches:
Dungeon (9/15)             Temple (1/1) D:7          Bailey (1/1)
   Lair: D:8-11         Orc: D:9-12

Altars:
Ashenzari
Cheibriados
Dithmenos
Elyvilon
Fedhas
Hepliaklqana
Kikubaaqudgha
Nemelex Xobeh
Okawaru
Qazlal
Ru
Sif Muna
Trog
Vehumet
Wu Jian
Xom
Yredelemnul
Zin
The Shining One
Lugonu

Shops:
D:2 [   D:3 [

Annotations:
D:3 1 runed translucent door, 2 transporters, Crazy Yiuf; YayAnonymity's ghost, amateur GnFi


Innate Abilities, Weirdness & Mutations

You have very sharp fingernails.
You are partially covered in large bone plates. (SH +4)
A meltable shield of frost defends you. (SH +4)


Message History

Press: ? - help, Q - select action, (/) - cycle Shift-Dir - straight line, f - two-headed ogre
Aim: a two-headed ogre, wielding two +0 halberds (78% to hit)
You throw a javelin.
The javelin pierces through the two-headed ogre.
The two-headed ogre is lightly wounded.
Throw: 3 javelins
Press: ? - help, Q - select action, (/) - cycle Shift-Dir - straight line, f/p - two-headed ogre
Aim: a two-headed ogre, wielding two +0 halberds (lightly wounded, 78% to hit)
You throw a javelin.
The javelin barely misses the two-headed ogre.
The two-headed ogre hits you but does no damage.
You block the two-headed ogre's attack.
You hit the two-headed ogre. You freeze the two-headed ogre.
The two-headed ogre is lightly wounded.
The two-headed ogre hits you with a +0 halberd!
* * * LOW HITPOINT WARNING * * *
The two-headed ogre barely misses you.
You slash the two-headed ogre! You freeze the two-headed ogre.
The two-headed ogre is moderately wounded.
You block the two-headed ogre's attack.
The two-headed ogre hits you with a +0 halberd!
* * * LOW HITPOINT WARNING * * *
Okay, then.
You don't know any spells.
Unknown command.
Aiming: Charm
Press: ? - help, Shift-Dir - straight line, f/p - two-headed ogre
Aim: a two-headed ogre, wielding two +0 halberds (moderately wounded, chance to affect: 31%)
Okay, then.
Unknown command.
Okay, then.
Unknown command.
The two-headed ogre misses you. You block the two-headed ogre's attack.
You enter the shallow water.
Moving in this stuff is going to be slow.
The two-headed ogre barely misses you. You block the two-headed ogre's attack.
There is a gate leading back out of this place here.
You block the two-headed ogre's attack.
The two-headed ogre hits you from afar with a +0 halberd!!
You die...

#### ....#
...# ### #..#
##.## #.)##
##...## ♣))##
#.....#
##).###.....##
#).≈≈≈O.@...#
#..≈≈≈.§....#
♣..≈≈≈......#
♣..≈≈≈......#
#..≈≈≈..∩...#
#♣..###.....##
#♣.(## #.....#
##..## ##...##
#♣♣###..##
##.##


You could see a two-headed ogre.

Vanquished Creatures
  Pikel (D:6)
  Maggie (D:7)
  A hornet (D:7)
  3 spriggans (Bailey)
  A shadow (D:9)
  Grum (D:6)
  A steam dragon (D:8)
  Menkaure (D:6)
  Duvessa (D:7)
  A water moccasin (D:8)
  An ice beast (D:4)
  2 orc warriors (D:7)
  4 ogres (Bailey)
  A wolf (D:6)
  2 centaurs
  A phantom (D:4)
  2 kobold brigands
  3 bullfrogs
  3 gnoll sergeants (D:6)
  A necrophage (D:6)
  3 scorpions
  Dowan (D:7)
  3 killer bees (D:6)
  A howler monkey (D:5)
  8 hounds
  A jelly (D:6)
  A gnoll shaman (D:6)
  4 orc priests
  3 iguanas (D:5)
  3 orc wizards
  18 gnolls
  6 adders
  A shadow imp (D:6)
  A white imp (D:6)
  2 worms
  A dart slug (D:1)
  14 orcs
  4 bats
  4 endoplasms
  3 giant cockroaches
  11 goblins
  3 hobgoblins
  8 jackals
  2 quokkas (D:3)
  14 ball pythons
  3 frilled lizards (D:2)
  13 kobolds
  13 rats
181 creatures vanquished.

Notes
Turn   | Place    | Note
-------+----------+-------------------------------------------
     0 | D:1      | jlumianski the Demonspawn Fighter began the quest for the
                  | Orb.
     0 | D:1      | Reached XP level 1. HP: 18/18 MP: 1/1
   131 | D:1      | Gained mutation: You are partially covered in large bone
                  | plates. (SH +4) [demonic ancestry]
   131 | D:1      | Reached XP level 2. HP: 23/24 MP: 2/2
   272 | D:1      | Reached skill level 2 in Axes
  1006 | D:2      | Gained mutation: You have sharp fingernails. [demonic
                  | ancestry]
  1006 | D:2      | Reached XP level 3. HP: 28/29 MP: 3/3
  1139 | D:2      | Found Footeg's Antique Armour Shoppe.
  1455 | D:2      | Reached XP level 4. HP: 24/37 MP: 4/4
  2168 | D:3      | Found a runed translucent door.
  2169 | D:3      | Noticed Crazy Yiuf
  2208 | D:3      | Noticed YayAnonymity's ghost (amateur GnFi)
  2211 | D:3      | Found a transporter.
  2221 | D:3      | Found a transporter.
  2306 | D:3      | Found a faded altar of an unknown god.
  2437 | D:3      | Found Suju's Antique Armour Shop.
  2472 | D:3      | Found a radiant altar of Vehumet.
  2472 | D:3      | Found an ancient bone altar of Kikubaaqudgha.
  2784 | D:4      | Reached XP level 5. HP: 42/42 MP: 5/5
  2788 | D:4      | Noticed a phantom
  2801 | D:4      | Killed a phantom
  2802 | D:4      | Reached skill level 3 in Axes
  2802 | D:4      | Reached skill level 1 in Dodging
  2927 | D:4      | Gained mutation: A meltable shield of frost defends you.
                  | (SH +4) [demonic ancestry]
  2927 | D:4      | Reached XP level 6. HP: 48/48 MP: 6/6
  3192 | D:4      | Noticed an ice beast
  3202 | D:4      | Killed an ice beast
  3493 | D:5      | Entered Level 5 of the Dungeon
  3573 | D:5      | Reached skill level 4 in Axes
  3678 | D:5      | Found a hazy altar of Hepliaklqana.
  3819 | D:5      | Reached skill level 1 in Throwing
  3819 | D:5      | Reached XP level 7. HP: 52/54 MP: 7/7
  4541 | D:6      | Reached skill level 5 in Axes
  4725 | D:6      | Noticed Menkaure
  4734 | D:6      | Killed Menkaure
  4735 | D:6      | Gained mutation: You have very sharp fingernails. [demonic
                  | ancestry]
  4735 | D:6      | Reached XP level 8. HP: 61/61 MP: 8/8
  4735 | D:6      | Upgraded the game from 0.29-a0-483-g69413ace17 to
                  | 0.29-a0-490-g77b3608bb8
  5353 | D:7      | Noticed Duvessa
  5353 | D:7      | Noticed Dowan
  5363 | D:7      | Killed Duvessa
  5364 | D:7      | Reached skill level 6 in Axes
  5372 | D:7      | Killed Dowan
  5373 | D:7      | Reached skill level 5 in Shields
  5537 | D:6      | Reached skill level 5 in Fighting
  5540 | D:6      | Reached skill level 5 in Armour
  5609 | D:6      | Noticed Grum
  5615 | D:6      | Killed Grum
  5749 | D:7      | Noticed Pikel
  5775 | D:6      | Killed Pikel
  5776 | D:6      | Reached skill level 7 in Axes
  5776 | D:6      | Reached XP level 9. HP: 23/68 MP: 9/9
  5863 | D:7      | Paralysed by a hornet for 3 turns
  5885 | D:7      | Found a staircase to the Ecumenical Temple.
  5896 | Temple   | Entered the Ecumenical Temple
  5942 | Temple   | Became a worshipper of Qazlal Stormbringer
  6567 | D:7      | Noticed Maggie
  6587 | D:7      | Killed Maggie
  6943 | D:7      | Found a sparkling altar of Nemelex Xobeh.
  7129 | D:7      | Reached skill level 8 in Axes
  7345 | D:8      | Noticed a moth of wrath
  7349 | D:8      | Found a bloodstained altar of Trog.
  7361 | D:8      | Reached * piety under Qazlal
  7457 | D:8      | Reached XP level 10. HP: 68/76 MP: 10/10
  7634 | D:8      | Found a sacrificial altar of Ru.
  7916 | D:9      | Found a blossoming altar of Fedhas.
  7983 | D:9      | Found a flagged portal.
  8058 | Bailey   | Entered a bailey
  8337 | Bailey   | Noticed a two-headed ogre
  8351 | Bailey   | Mangled by a two-headed ogre

Illustrated notes

Levels and vault maps discovered:
D:1:      giann_bridges, layout_basic
D:2:      layout_basic, serial_shops, nicolae_shop_window_shopping
D:3:      layout_basic, gammafunk_temple_overflow_pools, gammafunk_ghost_arena,
          dreamdust_ecumenical_altar_angels_and_demons, serial_shops,
          nicolae_diamond_shop, uniq_crazy_yiuf_cottage
D:4:      layout_basic, dreamdust_divine_triumvirate
D:5:      layout_gridville, lemuel_doored_altar,
          nicolae_concentric_dashed_squares_wild
D:6:      layout_cave_pools, serial_gnoll_camp, gnoll_camp_mini_sergeant,
          gnoll_camp_mini_hut, grums_kennel, gnoll_camp_mini_hut,
          gnoll_camp_mini_hut, gnoll_camp_medium_02, grunt_ministairs_6,
          uniq_menkaure
D:7:      layout_cave_pools, kennysheep_little_box, temple_pool_b,
          nicolae_sextant, uniq_duvessa, uniq_pikel, uniq_maggie
D:8:      layout_cave_pools, tgw_trog, nicolae_overflow_crystal_walls
D:9:      layout_roguey, fedhas_bush_and_centaur_altar,
          nicolae_uskayaw_suspiria, enter_bailey_5
Temple:   corrupted_temple
Bailey:   bailey_polearm_enchanted_keep_hellmonk, bailey

Skill      XL: |  1  2  3  4  5  6  7  8  9 10 |
---------------+-------------------------------+-----
Axes           | 2 3 4 5 7 8 |  8.6
Shields        | 3 4 5 6 7 |  7.2
Armour         | 3 4 5 6 |  6.2
Dodging        | 1 2 3 |  3.5
Fighting       | 4 5 6 |  6.3
Throwing       | 1 2 |  2.3
Stealth        | |  0.9
Evocations     | |  0.1

Action                   |  1- 3 |  4- 6 |  7- 9 | 10-12 || total
-------------------------+-------+-------+-------+-------++-------
Melee: War axe           |   103 |   108 |   288 |    46 ||   545
Throw: Javelin           |     2 |    10 |    17 |     2 ||    31
       Dart              |       |       |     1 |       ||     1
       Throwing net      |       |       |     1 |       ||     1
Evoke: Wand              |       |       |       |     3 ||     3
  Use: Scroll            |     6 |     3 |     5 |     5 ||    19
       Potion            |       |     1 |       |     1 ||     2
 Stab: Held in net/web   |       |       |     2 |       ||     2
Armor: Scale mail        |    59 |    40 |    98 |    25 ||   222
       Plate armour      |       |       |    18 |       ||    18
       Chain mail        |       |       |     9 |     1 ||    10
Dodge: Dodged            |    40 |    35 |   101 |    31 ||   207
Block: Buckler           |    51 |    48 |   265 |    84 ||   448

Table legend: (Time is in decaauts)
 A = Elapsed time spent in this place.
 B = Non-inter-level travel time spent in this place.
 C = Inter-level travel time spent in this place.
 D = Time resting spent in this place.
 E = Time spent auto-exploring this place.
 F = Levels seen in this place.
 G = Mean time per level.
                   A        B        C        D        E       F      G
               +--------+--------+--------+--------+--------+-----+--------+
         Total |   8544 |   8365 |    179 |    605 |   4493 |  11 |  776.7 |
       Dungeon |   8181 |   8002 |    179 |    407 |   4493 |   9 |  909.0 |
        Temple |     64 |     64 |      0 |      0 |      0 |   1 |   64.0 |
        Bailey |    299 |    299 |      0 |    198 |      0 |   1 |  299.0 |
               +--------+--------+--------+--------+--------+-----+--------+

Top non-repeatable levels by time:
     D:6: 1538 daAuts
     D:7: 1377 daAuts
     D:2: 1170 daAuts
     D:1: 942 daAuts
     D:4: 922 daAuts
     D:5: 900 daAuts
     D:8: 612 daAuts
     D:3: 549 daAuts
  Bailey: 299 daAuts
     D:9: 168 daAuts
  Temple: 64 daAuts
